 Dungeon Crawl Stone Soup version 0.30-a0-760-g5a9884bb7c (webtiles) character file.

Game seed: 14901049732629778549

121 sircluck the Sneak (level 4, -13/23 HPs)
             Began as a Spriggan Brigand on Feb 10, 2023.
             Killed from afar by an oklob plant (27 damage)
             ... with a splash of acid
             ... on level 3 of the Dungeon.
             The game lasted 00:04:21 (2027 turns).

sircluck the Sneak (Spriggan Brigand)               Turns: 2027, Time: 00:04:21

Health: -13/23     AC:  3    Str:  7    XL:     4   Next: 77%
Magic:  5/5        EV: 17    Int: 12    God:
Gold:   191        SH:  0    Dex: 18    Spells: 3/3 levels left

rFire   . . .      SeeInvis +    k - +10 mace of the Puckish God {heavy, rPois}
rCold   . . .      Faith    .    (no shield)
rNeg    . . .      Spirit   .    b - +0 robe
rPois   +          Reflect  .    (helmet restricted)
rElec   .          Harm     .    c - +0 cloak
rCorr   .          Rampage  .    (gloves unavailable)
Will    .....                    (boots unavailable)
Stlth   ++++                     (no amulet)
HPRegen 0.23/turn                (no ring)
MPRegen 0.09/turn                (no ring)

@: very quick
A: very small, no large weapons, unfitting armour, see invisible, speed 3
a: no special abilities


You were on level 3 of the Dungeon.
You visited 1 branch of the dungeon, and saw 3 of its levels.

You collected 191 gold pieces.

Inventory:

Hand Weapons
 a - a +2 dagger
 k - the +10 mace of the Puckish God (weapon) {heavy, rPois}
   (You found it on level 2 of the Dungeon)

   rPois:     It protects you from poison.
Missiles
 d - 14 poisoned darts (quivered)
 e - 3 curare-tipped darts
 j - 3 boomerangs
Armour
 b - a +0 robe (worn)
 c - a +0 cloak (worn)
Magical Staves
 q - a staff of air
Jewellery
 g - a ring of wizardry
 i - an amulet of the acrobat
Scrolls
 m - 3 scrolls of vulnerability {unknown}
 n - 2 scrolls of amnesia {unknown}
 r - a scroll of teleportation {unknown}
Potions
 f - a potion of curing {unknown}
 h - a potion of degeneration {unknown}
 l - a potion of heal wounds {unknown}
 o - a potion of might {unknown}
 p - a potion of attraction {unknown}
 s - 2 potions of ambrosia {unknown}


   Skills:
 + Level 2.1 Fighting
 + Level 2.9 Short Blades
 * Level 0.5 Maces & Flails
 + Level 2.3 Throwing
 + Level 1.8 Dodging
 + Level 7.9 Stealth


You had 3 spell levels left.
You didn't know any spells.
Your spell library contained the following spells:

 Spells                   Type           Power      Damage    Failure   Level
 Ignite Poison            Fire/Tmut/Pois 0%         N/A       69%         3
 Kindle Blastsparks       Fire/Tloc/Air  0%         2d10      69%         3
 Freezing Cloud           Conj/Ice/Air   0%         6-21      100%        5


Dungeon Overview and Level Annotations

Branches:
Dungeon (3/15)

Altars:
Fedhas

Shops:
D:2 *   D:3 (

Annotations:
D:3 exclusion: oklob plant


Innate Abilities, Weirdness & Mutations

You are very small and have problems with some larger weapons.
You are too small for most types of armour.
You have supernaturally acute eyesight. (SInv)
You cover ground extremely quickly. (Speed+++)


Message History

You sock the dart slug!
The dart slug is severely wounded.
The dart slug closely misses you.
You sock the dart slug!
You kill the dart slug!
The helpless endoplasm fails to defend itself.
You hit the endoplasm.
You kill the endoplasm!
No target in view!
No target in view!
No target in view!
No target in view!
No target in view!
No target in view!
No target in view!
No target in view!
No target in view!
No target in view!
s - 2 fuming pink potions You see here a +0 leather armour.
Found a blossoming altar of Fedhas.
An oklob plant comes into view.
Marking area around an oklob plant as unsafe for travelling.
You sock the plant!
The plant begins to die.
The plant is lightly damaged.
You bludgeon the plant!!
The plant begins to die.
The plant is lightly damaged.
A nearby plant withers and dies.
The oklob plant spits acid at you. The splash of acid hits you!
A nearby plant withers and dies.
You hit the oklob plant but do no damage.
You hit the oklob plant.
The oklob plant is lightly damaged.
You hit the oklob plant.
The oklob plant is lightly damaged.
The oklob plant spits acid at you. The splash of acid hits you!!
Ouch! That really hurt!
You die... ##################### #PPP.PP#PPP#P.PP#P#PP #PP.PPPP.PPP#P.PPP#P ###.@..P.PPP#.PP.PPPP #...PPP..PPPPP#P#PPPP #PPPPP#P.......PP#PPP

#P#PP#...~~.~~..PPPPP
#PPPP#..~≈~.~~~..P.PP
##.#P..~≈≈~.~≈≈~..P#P
#P.P.~≈≈~~.~~≈~~.#PP
PPPP.~≈≈≈...~~≈~.P.P
PPPP.~≈≈~._.~≈≈≈.PP.


You could see an oklob plant.

Vanquished Creatures
  4 adders
  2 dart slugs
  3 worms (D:2)
  An orc (D:3)
  7 ball pythons
  9 endoplasms
  2 giant cockroaches (D:1)
  9 goblins
  5 hobgoblins
  6 jackals (D:1)
  3 quokkas
  3 bats
  4 frilled lizards
  4 kobolds
  5 rats
67 creatures vanquished.

Vanquished Creatures (others)
  A fungus (D:1)
  5 plants
6 creatures vanquished.

Grand Total: 73 creatures vanquished

Notes
Turn   | Place    | Note
-------+----------+-------------------------------------------
     0 | D:1      | sircluck the Spriggan Brigand began the quest for the Orb.
     0 | D:1      | Reached XP level 1. HP: 10/10 MP: 2/2
    14 | D:1      | Reached skill level 6 in Stealth
    62 | D:1      | Reached XP level 2. HP: 15/15 MP: 3/3
   362 | D:1      | Reached skill level 7 in Stealth
   397 | D:1      | Reached XP level 3. HP: 18/18 MP: 4/4
   432 | D:1      | Found a faded altar of an unknown god.
  1103 | D:2      | Identified the +10 mace of the Puckish God {heavy, rPois}
  1242 | D:2      | Reached XP level 4. HP: 23/23 MP: 5/5
  1277 | D:2      | Found Peufuw's Assorted Antiques.
  1754 | D:3      | Found Utig's Weapon Shoppe.
  1994 | D:3      | Found a blossoming altar of Fedhas.
  2016 | D:3      | Noticed an oklob plant
  2027 | D:3      | Killed from afar by an oklob plant

Illustrated notes

Levels and vault maps discovered:
D:1:      dpeg_arrival_tiny_h, layout_loops_ring,
          shapermc_ecumenical_altar_mp_urbaneastern
D:2:      layout_loops_corners, serial_shops, shop
D:3:      layout_loops_ring, tgw_fedhas, serial_shops, shop_statue,
          kennysheep_pointless_box, wad_floor_pattern_2, serial_bayou_pond_a

Skill      XL: |  1  2  3 |
---------------+----------+-----
Stealth        | 6 7 |  7.9
Fighting       | 2 |  2.1
Short Blades   | |  2.9
Maces & Flails | |  0.5
Throwing       | |  2.3
Dodging        | |  1.8

Action                     |  1- 3 |  4- 6 || total
---------------------------+-------+-------++-------
  Melee: Dagger            |   121 |       ||   121
         Mace              |     4 |    33 ||    37
         Punch             |     3 |       ||     3
  Throw: Dart              |    20 |       ||    20
   Stab: Sleeping          |    15 |    14 ||    29
         Distracted        |     1 |       ||     1
 Armour: Robe              |    19 |       ||    19
  Dodge: Dodged            |    69 |    18 ||    87

Table legend: (Time is in decaauts)
 A = Elapsed time spent in this place.
 B = Non-inter-level travel time spent in this place.
 C = Inter-level travel time spent in this place.
 D = Time resting spent in this place.
 E = Time spent auto-exploring this place.
 F = Levels seen in this place.
 G = Mean time per level.
                   A        B        C        D        E       F      G
               +--------+--------+--------+--------+--------+-----+--------+
         Total |   1385 |   1366 |     19 |      0 |    929 |   3 |  461.7 |
       Dungeon |   1385 |   1366 |     19 |      0 |    929 |   3 |  461.7 |
               +--------+--------+--------+--------+--------+-----+--------+

Top non-repeatable levels by time:
     D:1: 598 daAuts
     D:2: 589 daAuts
     D:3: 197 daAuts
